Workbook
Name Auxiliar: #REF!
Name Auxiliar: #REF!
Name Auxiliar: #REF!
Name CUSTO_VALE_TRANSPORTE: #REF!
Name CUSTO_VALE_TRANSPORTE: #REF!
Name CUSTO_VALE_TRANSPORTE: #REF!
Name ecwece4c: #REF!
Name ecwece4c: #REF!
Name ecwece4c: #REF!
Name Equipamentos: #REF!
Name familias_equipamentos: #REF!
Name MOMB4: #REF!
Name MONA1: #REF!
Name MONA1: #REF!
Name MONA1: #REF!
Name MONA2: #REF!
Name MONA2: #REF!
Name MONA2: #REF!
Name MONA3: #REF!
Name MONA4: #REF!
Name MONA5: #REF!
Name MONA5: #REF!
Name MONA5: #REF!
Name MONA6: #REF!
Name MONA6: #REF!
Name MONA6: #REF!
Name MONA7: #REF!
Name MONA7: #REF!
Name MONA7: #REF!
Name MONA8: #REF!
Name MONB1: #REF!
Name MONB1: #REF!
Name MONB1: #REF!
Name MONB2: #REF!
Name MONB2: #REF!
Name MONB2: #REF!
Name MONB3: #REF!
Name MONB4: #REF!
Name MONB5: #REF!
Name MONB5: #REF!
Name MONB5: #REF!
Name MONB6: #REF!
Name MONB6: #REF!
Name MONB6: #REF!
Name MONB7: #REF!
Name MONB7: #REF!
Name MONB7: #REF!
Name MONB8: #REF!
Name MONC1: #REF!
Name MONC1: #REF!
Name MONC1: #REF!
Name MONC2: #REF!
Name MONC2: #REF!
Name MONC2: #REF!
Name MONC3: #REF!
Name MONC4: #REF!
Name MONC5: #REF!
Name MONC5: #REF!
Name MONC5: #REF!
Name MONC6: #REF!

Sheet CARGO DIURNO
A1: PREENCHER SOMENTE AS CÉLUAS EM DESTAQUE AMARELO
A2: AS CÉLULAS AZUIS DEVERÃO TER SEUS VALORES PREENCHIDOS NAS OUTRAS ABAS DO ARQUIVO
A3: APÓS FINALIZAR O PREENCHIMENTO, SELECIONE A PLANILHA E AJUSTE A COR DAS CÉLULAS PARA PRETO
A5: PLANILHA DE CUSTOS E FORMAÇÃO DE PREÇOS
A6: PORTARIA - DIURNO - 12 X 36
A8: Empresa proponente:
A9: Licitação nº: PREGÃO ELETRÔNICO 02/2024 - REPUBLICAÇÃO | F9: Dia ____/______/_______ às _____:______horas
A10: Objeto da Licitação: | C10: Serviços de portaria para o prédio da Usina Velha de Ijuí
A12: IDENTIFICAÇÃO DO SERVIÇO
A13: Tipo de Serviço | F13: Quantidade de trabalhadores por posto | H13: Quantidade total de postos a contratar
A14: Posto 12x36 | F14: 2 | H14: 1
A16: DISCRIMINAÇÃ DOS SERVIÇOS
A17: Cargo/Função: | F17: Porteiro
A18: Classificação Brasileira de Ocupações (CBO) da categoria profissional | F18: 5174-10
A19: =IF(F19="12x36","Regime de trabalho:","Regime de trabalho (horas semanais):") -> Regime de trabalho: | F19: 12x36
A20: Sindicato representativo da categoria profissional | J20: PREENCHER SOMENTE AS CÉLUAS EM DESTAQUE AMARELO
A21: Nº Registo Convenção Coletiva de Trabalho: | J21: PREENCHER SOMENTE AS CÉLUAS EM DESTAQUE AMARELO
A22: Data base da categoria | J22: PREENCHER SOMENTE AS CÉLUAS EM DESTAQUE AMARELO
A23: Cidade: | F23: Ijuí
A25: DADOS COMPLEMENTARES PARA COMPOSIÇÃO DOS CUSTOS DE MÃO DE OBRA
A26: Salário Normativo | G26: Vlr. do salário e nº de horas correspondentes | H26: 220 | J26: PREENCHER SOMENTE AS CÉLUAS EM DESTAQUE AMARELO
A27: ISS | G27: =F23 -> Ijuí | H27: Alíquota | I27: ='Módulo 5-CDE - Tributos'!B6 -> 0.02 | J27: AS CÉLULAS AZUIS DEVERÃO TER SEUS VALORES PREECHIDOS NAS OUTRAS ABAS DO ARQUIVO
A28: Quantidade de dias trabalhados no mês | G28: CCT | H28: Dias | I28: 15
A29: Tarifa Transporte* O local de prestação dos serviços não é atendido pelo serviço de transporte público urbano | G29: CCT | H29: Vr. Unitário | I29: 0 | J29: PREENCHER SOMENTE AS CÉLUAS EM DESTAQUE AMARELO
H30: Dias | I30: 0 | J30: PREENCHER SOMENTE AS CÉLUAS EM DESTAQUE AMARELO
H31: Desconto | I31: 0 | J31: PREENCHER SOMENTE AS CÉLUAS EM DESTAQUE AMARELO
A32: Vale Alimentação | G32: CCT | H32: Vr. Unitário | I32: 0 | J32: PREENCHER SOMENTE AS CÉLUAS EM DESTAQUE AMARELO
H33: Dias | I33: =I28 -> 15
H34: Desconto | I34: 0 | J34: PREENCHER SOMENTE AS CÉLUAS EM DESTAQUE AMARELO
A35: Outros benefícios que refletem na planilha de custos, caso constem na CCT | G35: CCT | H35: Valor mensal | I35: 0 | J35: PREENCHER SOMENTE AS CÉLUAS EM DESTAQUE AMARELO
A36: Hora Intervalar | G36: CCT | H36: Horas por mês | I36: 0 | J36: PREENCHER SOMENTE AS CÉLUAS EM DESTAQUE AMARELO
A38: MÓDULO 1 - COMPOSIÇÃO DA REMUNERAÇÃO
A39: 1 | B39: Composição da remuneração | I39: Valor Mensal/Posto (R$)
A40: A | B40: Salário | I40: =ROUND(I26*F14,2) -> 0
A41: B | B41: Adicional Intervalar | I41: =ROUND(I26/H26*1.5*I36*F14,2) -> 0
A42: TOTAL DO MÓDULO 1 - COMPOSIÇÃO DA REMUNERAÇÃO | I42: =SUM(I40:I41) -> 0
A44: MÓDULO 2 - ENCARGOS SOCIAIS E TRABALHISTAS
A45: 2.1 | B45: Submódulo 2.1 - Encargos Previdenciários (GPS) e FGTS | H45: % | I45: Valor Mensal/Posto (R$)
A46: A | B46: INSS (art. 22, inc. I, Lei nº 8.212/91) | H46: ='Módulo 2 - Encargos'!F4 -> 0.2 | I46: =ROUND(($I$42-$I$41)*H46,2) -> 0 | J46: AS CÉLULAS AZUIS DEVERÃO TER SEUS VALORES PREECHIDOS NAS OUTRAS ABAS DO ARQUIVO
A47: B | B47: SESI ou SESC (art. 30, Lei nº 8.036/90) | H47: ='Módulo 2 - Encargos'!F5 -> 0.015 | I47: =ROUND(($I$42-$I$41)*H47,2) -> 0 | J47: AS CÉLULAS AZUIS DEVERÃO TER SEUS VALORES PREECHIDOS NAS OUTRAS ABAS DO ARQUIVO
A48: C | B48: SENAI ou SENAC (art 30 Dec Lei 2.318/86) | H48: ='Módulo 2 - Encargos'!F6 -> 0.01 | I48: =ROUND(($I$42-$I$41)*H48,2) -> 0 | J48: AS CÉLULAS AZUIS DEVERÃO TER SEUS VALORES PREECHIDOS NAS OUTRAS ABAS DO ARQUIVO
A49: D | B49: INCRA (art 1 e 2 Decr Lei 1146/70) | H49: ='Módulo 2 - Encargos'!F7 -> 0.002 | I49: =ROUND(($I$42-$I$41)*H49,2) -> 0 | J49: AS CÉLULAS AZUIS DEVERÃO TER SEUS VALORES PREECHIDOS NAS OUTRAS ABAS DO ARQUIVO
A50: E | B50: SALÁRIO EDUCAÇÃO (art. 15, da Lei nº 9.424/96; do art. 2º do Decr 3.142/99; e art. 212, § 5º da CF) | H50: ='Módulo 2 - Encargos'!F8 -> 0.025 | I50: =ROUND(($I$42-$I$41)*H50,2) -> 0 | J50: AS CÉLULAS AZUIS DEVERÃO TER SEUS VALORES PREECHIDOS NAS OUTRAS ABAS DO ARQUIVO
A51: F | B51: FGTS (art. 15, Lei nº 8.036/90) | H51: ='Módulo 2 - Encargos'!F9 -> 0.08 | I51: =ROUND(($I$42-$I$41)*H51,2) -> 0 | J51: AS CÉLULAS AZUIS DEVERÃO TER SEUS VALORES PREECHIDOS NAS OUTRAS ABAS DO ARQUIVO
A52: G | B52: RAT (Art. 22, inc. II, Lei 8212/91 e art 10 L 10.666/03) | E52: ='Módulo 2 - Encargos'!C10 -> 0.03 | F52: FAP | G52: ='Módulo 2 - Encargos'!E10 -> 1 | H52: =E52*G52 -> 0.03 | I52: =ROUND(($I$42-$I$41)*H52,2) -> 0 | J52: AS CÉLULAS AZUIS DEVERÃO TER SEUS VALORES PREECHIDOS NAS OUTRAS ABAS DO ARQUIVO
A53: H | B53: SEBRAE (§ 3º, art. 8º, Lei nº 8.029/90) | H53: ='Módulo 2 - Encargos'!F11 -> 0.006 | I53: =ROUND(($I$42-$I$41)*H53,2) -> 0 | J53: AS CÉLULAS AZUIS DEVERÃO TER SEUS VALORES PREECHIDOS NAS OUTRAS ABAS DO ARQUIVO
A54: Total do Submódulo 2.1 | H54: =SUM(H46:H53) -> 0.368 | I54: =SUM(I46:I53) -> 0
A56: 2.2 | B56: Submódulo 2.2 - Tempo Não Trabalhado | H56: % | I56: Valor Mensal/Posto (R$)
A57: A | B57: 13º SALÁRIO | H57: ='Módulo 2 - Encargos'!F15 -> 0.0833 | I57: =ROUND(($I$42-$I$41)*H57,2) -> 0 | J57: AS CÉLULAS AZUIS DEVERÃO TER SEUS VALORES PREECHIDOS NAS OUTRAS ABAS DO ARQUIVO
A58: B | B58: FÉRIAS GOZADAS + ADICIONAL DE FÉRIAS | H58: ='Módulo 2 - Encargos'!F16 -> 0.1111 | I58: =ROUND(($I$42-$I$41)*H58,2) -> 0 | J58: AS CÉLULAS AZUIS DEVERÃO TER SEUS VALORES PREECHIDOS NAS OUTRAS ABAS DO ARQUIVO
A59: C | B59: Incidência dos encargos previstos no Submódulo 2.1 sobre 13º salário e Férias | H59: ='Módulo 2 - Encargos'!F17 -> 0.0715392 | I59: =ROUND(($I$42-$I$41)*H59,2) -> 0 | J59: AS CÉLULAS AZUIS DEVERÃO TER SEUS VALORES PREECHIDOS NAS OUTRAS ABAS DO ARQUIVO
A60: Total do Submódulo 2.2 | H60: =SUM(H57:H59) -> 0.2659392 | I60: =SUM(I57:I59) -> 0
A62: 2.3 | B62: Submódulo 2.3 - Provisão para rescisão | H62: % | I62: Valor Mensal/Posto (R$)
A63: A | B63: Aviso prévio indenizado | H63: ='Módulo 2 - Encargos'!F21 -> 0.0045833333 | I63: =ROUND(($I$42-$I$41)*H63,2) -> 0 | J63: AS CÉLULAS AZUIS DEVERÃO TER SEUS VALORES PREECHIDOS NAS OUTRAS ABAS DO ARQUIVO
A64: B | B64: Incidência do FGTS sobre Aviso Prévio indenizado | H64: ='Módulo 2 - Encargos'!F23 -> 0.00036666667 | I64: =ROUND(($I$42-$I$41)*H64,2) -> 0 | J64: AS CÉLULAS AZUIS DEVERÃO TER SEUS VALORES PREECHIDOS NAS OUTRAS ABAS DO ARQUIVO
A65: C | B65: Incidência da Multa s/ FGTS no API | H65: ='Módulo 2 - Encargos'!F24 -> 0.00014666667 | I65: =ROUND(($I$42-$I$41)*H65,2) -> 0 | J65: AS CÉLULAS AZUIS DEVERÃO TER SEUS VALORES PREECHIDOS NAS OUTRAS ABAS DO ARQUIVO
A66: D | B66: Aviso prévio trabalhado | H66: ='Módulo 2 - Encargos'!F25 -> 0.019833333 | I66: =ROUND(($I$42-$I$41)*H66,2) -> 0 | J66: AS CÉLULAS AZUIS DEVERÃO TER SEUS VALORES PREECHIDOS NAS OUTRAS ABAS DO ARQUIVO
A67: E | B67: Incidência dos encargos do submódulo 2.1 sobre item D | H67: ='Módulo 2 - Encargos'!F27 -> 0.0072986667 | I67: =ROUND(($I$42-$I$41)*H67,2) -> 0 | J67: AS CÉLULAS AZUIS DEVERÃO TER SEUS VALORES PREECHIDOS NAS OUTRAS ABAS DO ARQUIVO
A68: F | B68: Multa sobre FGTS incidente | H68: ='Módulo 2 - Encargos'!F28 -> 0.04 | I68: =ROUND(($I$42-$I$41)*H68,2) -> 0 | J68: AS CÉLULAS AZUIS DEVERÃO TER SEUS VALORES PREECHIDOS NAS OUTRAS ABAS DO ARQUIVO
A69: Total do Submódulo 2.3 | H69: =SUM(H63:H68) -> 0.072228667 | I69: =SUM(I63:I68) -> 0
A71: 2.4 | B71: Submódulo 2.4 - Custo de Reposição do Profissional Ausente | H71: % | I71: Valor Mensal/Posto (R$)
A72: A | B72: Substituto na cobertura de Férias | H72: ='Módulo 2 - Encargos'!F36 -> 0.0162 | I72: =ROUND(($I$42-$I$41)*H72,2) -> 0 | J72: AS CÉLULAS AZUIS DEVERÃO TER SEUS VALORES PREECHIDOS NAS OUTRAS ABAS DO ARQUIVO
A73: B | B73: Substituto na cobertura das ausência por doença | H73: ='Módulo 2 - Encargos'!F37 -> 0.013888889 | I73: =($I$42-$I$41+$I$57+$I$58)*H73 -> 0 | J73: AS CÉLULAS AZUIS DEVERÃO TER SEUS VALORES PREECHIDOS NAS OUTRAS ABAS DO ARQUIVO
A74: C | B74: Substituto na cobertura de Licença paternidade | H74: ='Módulo 2 - Encargos'!F39 -> 0.00020833333 | I74: =ROUND(($I$42-$I$41+$I$57+$I$58)*H74,2) -> 0 | J74: AS CÉLULAS AZUIS DEVERÃO TER SEUS VALORES PREECHIDOS NAS OUTRAS ABAS DO ARQUIVO
A75: D | B75: Substituto na cobertura das ausências legais | H75: ='Módulo 2 - Encargos'!F41 -> 0.0082222222 | I75: =ROUND(($I$42-$I$41+$I$57+$I$58)*H75,2) -> 0 | J75: AS CÉLULAS AZUIS DEVERÃO TER SEUS VALORES PREECHIDOS NAS OUTRAS ABAS DO ARQUIVO
A76: E | B76: Substituto na cobertura nas ausência por acidente de trabalho | H76: ='Módulo 2 - Encargos'!F43 -> 0.000325 | I76: =ROUND(($I$42-$I$41+$I$57+$I$58)*H76,2) -> 0 | J76: AS CÉLULAS AZUIS DEVERÃO TER SEUS VALORES PREECHIDOS NAS OUTRAS ABAS DO ARQUIVO
A77: F | B77: Substituto na cobertura de Afastamento Maternidade | H77: ='Módulo 2 - Encargos'!F45 -> 0.0007 | I77: =($I$42-$I$41)*H77 -> 0 | J77: AS CÉLULAS AZUIS DEVERÃO TER SEUS VALORES PREECHIDOS NAS OUTRAS ABAS DO ARQUIVO
B78: Subtotal | I78: =ROUND(SUM(I72:I77),2) -> 0
A79: G | B79: Incidência dos encargos do submódulo 2.1 sobre o custo de reposição do profissional ausente | I79: =ROUND(I78*H54,2) -> 0
A80: H | B80: Inclusão custo Submódulo 2.3 (Provisão para Rescisão) para substitutos | G80: Nº dias afastamento | H80: 0 | I80: =ROUND(((I69/30)*H80)/12,2) -> 0 | J80: PREENCHER SOMENTE AS CÉLUAS EM DESTAQUE AMARELO
A81: Total do Submódulo 2.4 | I81: =SUM(I78:I80) -> 0
A83: TOTAL DO MÓDULO 2 - ENCARGOS SOCIAIS | I83: =I81+I69+I60+I54 -> 0
A85: MÓDULO 3 - BENEFÍCIOS MENSAIS E DIÁRIOS
A86: 3 | B86: Benefícios Mensais e Diários | I86: Valor Mensal/Posto (R$)
A87: A | B87: Auxílio Alimentação | I87: =I98*F14 -> 0
A88: B | B88: Vale-Transporte | I88: =I94 -> 0
A89: C | B89: Outros | I89: =I35 -> 0
A90: TOTAL DO MÓDULO 3 - BENEFÍCIOS MENSAIS E DIÁRIOS | I90: =SUM(I87:I89) -> 0
A92: Memória de Cálculo de Vale Transporte
A93: Valor Unitário | C93: Dias de Trabalho | D93: Vale p/dia | E93: Custo total | F93: Base de cálculo | G93: Percentual de desconto | H93: Valor desconto | I93: Custo efetivo
A94: =I29 -> 0 | C94: =I30 -> 0 | D94: 2 | E94: =A94*C94*D94*F14 -> 0 | F94: =I40 -> 0 | G94: =I31 -> 0 | H94: =F94*G94 -> 0 | I94: =IF((E94-H94)>0,E94-H94,0) -> 0
A96: Memória de Cálculo do Vale Alimentação
A97: Valor Unitário | C97: Dias por mês | D97: Vale p/dia | E97: Custo total | F97: Base de cálculo | G97: Percentual de desconto | H97: =H93 -> Valor desconto | I97: Custo efetivo
A98: =I32 -> 0 | C98: =I33 -> 15 | D98: 1 | E98: =A98*C98*D98*F14 -> 0 | F98: =E98 -> 0 | G98: =I34 -> 0 | H98: =F98*G98 -> 0 | I98: =ROUND(E98-H98,2) -> 0
A100: MÓDULO 4 - INSUMOS DIVERSOS
A101: 4 | B101: INSUMOS DIVERSOS | I101: Valor Mensal/Posto (R$)
A102: A | B102: Transporte (1) | I102: ='Módulo 4-A - Transporte'!C4 -> 0 | J102: AS CÉLULAS AZUIS DEVERÃO TER SEUS VALORES PREECHIDOS NAS OUTRAS ABAS DO ARQUIVO
A103: B | B103: Uniformes | I103: ='Módulo 4-B - Uniformes'!D22 -> 0 | J103: AS CÉLULAS AZUIS DEVERÃO TER SEUS VALORES PREECHIDOS NAS OUTRAS ABAS DO ARQUIVO
A104: C | B104: Outros | I104: 0 | J104: PREENCHER SOMENTE AS CÉLUAS EM DESTAQUE AMARELO
A105: TOTAL DO MÓDULO 4 - INSUMOS DIVERSOS | I105: =SUM(I102:I104) -> 0
B106: (1) Somente será preenchido quando o licitante fornecer transporte próprio
A108: MÓDULO 5 - CUSTOS INDIRETOS, TRIBUTOS E LUCRO
A109: 5 | B109: CUSTOS INDIRETOS, TRIBUTOS E LUCRO | H109: % | I109: Valor Mensal/Posto (R$)
B110: Base de cálculo para Custos indiretos / Despesas Administrativas e Operacionais | I110: =I42+I83+I90+I105 -> 0
A111: A | B111: Custos indiretos / Despesas Administrativas e Operacionais | H111: 0.05 | I111: =ROUND(I110*H111,2) -> 0 | J111: PREENCHER SOMENTE AS CÉLUAS EM DESTAQUE AMARELO
B112: Base de cálculo para Margem de Remuneração | I112: =I110+I111 -> 0
A113: B | B113: Margem de Remuneração | H113: 0.05 | I113: =ROUND(H113*I112,2) -> 0 | J113: PREENCHER SOMENTE AS CÉLUAS EM DESTAQUE AMARELO
B114: Base de cálculo para Tributos | I114: =I110+I111+I113 -> 0
A115: C | B115: PIS | G115: ='Módulo 5-CDE - Tributos'!B4 -> 0.0065 | H115: =SUM(G115:G117) -> 0.0565 | I115: =ROUND(I114/(1-H115)*H115,2) -> 0 | J115: AS CÉLULAS AZUIS DEVERÃO TER SEUS VALORES PREECHIDOS NAS OUTRAS ABAS DO ARQUIVO
A116: D | B116: COFINS | G116: ='Módulo 5-CDE - Tributos'!B5 -> 0.03 | J116: AS CÉLULAS AZUIS DEVERÃO TER SEUS VALORES PREECHIDOS NAS OUTRAS ABAS DO ARQUIVO
...

Sheet CARGO NOTURNO
A1: PREENCHER SOMENTE AS CÉLUAS EM DESTAQUE AMARELO
A2: AS CÉLULAS AZUIS DEVERÃO TER SEUS VALORES PREECHIDOS NAS OUTRAS ABAS DO ARQUIVO
A3: APÓS FINALIZAR O PREENCHIMENTO, SELECIONE A PLANILHA E AJUSTE A COR DAS CÉLULAS PARA PRETO
A5: PLANILHA DE CUSTOS E FORMAÇÃO DE PREÇOS
A6: PORTARIA - NOTURNO - 12 X 36
A8: ='CARGO DIURNO'!A8 -> Empresa proponente:
A9: ='CARGO DIURNO'!A9 -> Licitação nº: PREGÃO ELETRÔNICO 02/2024 - REPUBLICAÇÃO | F9: ='CARGO DIURNO'!F9:I9 -> Dia ____/______/_______ às _____:______horas
A10: Objeto da Licitação: | C10: Serviços de portaria para o prédio da Usina Velha de Ijuí
A12: IDENTIFICAÇÃO DO SERVIÇO
A13: Tipo de Serviço | F13: Quantidade de trabalhadores por posto | H13: Quantidade total de postos a contratar
A14: Posto 12x36 | F14: 2 | H14: 1
A16: DISCRIMINAÇÃ DOS SERVIÇOS
A17: Cargo/Função: | F17: Porteiro
A18: Classificação Brasileira de Ocupações (CBO) da categoria profissional | F18: 5174-10
A19: =IF(F19="12x36","Regime de trabalho:","Regime de trabalho (horas semanais):") -> Regime de trabalho: | F19: 12x36
A20: Sindicato representativo da categoria profissional | J20: PREENCHER SOMENTE AS CÉLUAS EM DESTAQUE AMARELO
A21: Nº Registo Convenção Coletiva de Trabalho: | J21: PREENCHER SOMENTE AS CÉLUAS EM DESTAQUE AMARELO
A22: Data base da categoria | J22: PREENCHER SOMENTE AS CÉLUAS EM DESTAQUE AMARELO
A23: Cidade: | F23: Ijuí
A25: DADOS COMPLEMENTARES PARA COMPOSIÇÃO DOS CUSTOS DE MÃO DE OBRA
A26: Salário Normativo | G26: Vlr. do salário e nº de horas correspondentes | H26: 220 | I26: 0 | J26: PREENCHER SOMENTE AS CÉLUAS EM DESTAQUE AMARELO
A27: ISS | G27: =F23 -> Ijuí | H27: Alíquota | I27: ='Módulo 5-CDE - Tributos'!B6 -> 0.02 | J27: AS CÉLULAS AZUIS DEVERÃO TER SEUS VALORES PREECHIDOS NAS OUTRAS ABAS DO ARQUIVO
A28: Quantidade de dias trabalhados no mês | G28: CCT | H28: Dias | I28: 15
A29: Tarifa Transporte* O local de prestação dos serviços não é atendido pelo serviço de transporte público urbano | G29: CCT | H29: Vr. Unitário | I29: 0 | J29: PREENCHER SOMENTE AS CÉLUAS EM DESTAQUE AMARELO
H30: Dias | I30: 0 | J30: PREENCHER SOMENTE AS CÉLUAS EM DESTAQUE AMARELO
H31: Desconto | I31: 0 | J31: PREENCHER SOMENTE AS CÉLUAS EM DESTAQUE AMARELO
A32: Vale Alimentação | G32: CCT | H32: Vr. Unitário | I32: 0 | J32: PREENCHER SOMENTE AS CÉLUAS EM DESTAQUE AMARELO
H33: Dias | I33: =I28 -> 15
H34: Desconto | I34: 0 | J34: PREENCHER SOMENTE AS CÉLUAS EM DESTAQUE AMARELO
A35: Outros benefícios que refletem na planilha de custos, caso constem na CCT | G35: CCT | H35: 0 | I35: 0 | J35: PREENCHER SOMENTE AS CÉLUAS EM DESTAQUE AMARELO
A36: Hora Intervalar | G36: CCT | H36: Horas por mês | I36: 0 | J36: PREENCHER SOMENTE AS CÉLUAS EM DESTAQUE AMARELO
A37: Adicional Noturno: Horas: [(60/52,5) x Nº de horas noturnas diárias] x Nº de dias trabalhados com hora noturna Valor hora: (vlr. do salário/nº de horas correspondente do salário) x 20% (noturno) | G37: CCT | H37: Nº horas | I37: =ROUND(60/52.5*7*15,2) -> 120
H38: Vr. Hora | I38: 0 | J38: PREENCHER SOMENTE AS CÉLUAS EM DESTAQUE AMARELO
A39: Reduzida Noturna Horas Reduzidas: 60/52,5=1,143 x 7h noturnas = 8h noturnas 5h diurnas + 8h noturnas = 13h X 15 dias = 195 horas mensais 195h - 190,67 = 4,33 horas Valor hora: (vlr. do salário/nº de horas correspondente do salário) x 150% (H.Extra) | G39: CCT | H39: Nº horas | I39: =ROUND((5+7+1)*15-190.67,2) -> 4.33
H40: Vr. Hora | I40: 0 | J40: PREENCHER SOMENTE AS CÉLUAS EM DESTAQUE AMARELO
A42: MÓDULO 1 - COMPOSIÇÃO DA REMUNERAÇÃO
A43: 1 | B43: Composição da remuneração | I43: Valor Mensal/Posto (R$)
A44: A | B44: Salário | I44: =ROUND(I26*F14,2) -> 0
A45: B | B45: Adicional Noturno | I45: =ROUND(I37*I38*F14,2) -> 0
A46: C | B46: Reduzida Noturna | I46: =ROUND(I39*I40*F14,2) -> 0
A47: D | B47: Adicional Intervalar | I47: =ROUND(I26/H26*1.5*I36*F14,2) -> 0
A48: E | B48: Descanso Semanal Remunerado (20%) sobre H. Extra Red. Noturna e Adic Noturno = [Reduzida Noturna + Adic. Noturno]*[Descanso Semanal Remunerado] (20%) | I48: =ROUND((I46+I45)*0.2,2) -> 0
A49: TOTAL DO MÓDULO 1 - COMPOSIÇÃO DA REMUNERAÇÃO | I49: =SUM(I44:I48) -> 0
A51: MÓDULO 2 - ENCARGOS SOCIAIS E TRABALHISTAS
A52: 2.1 | B52: Submódulo 2.1 - Encargos Previdenciários (GPS) e FGTS | H52: % | I52: Valor Mensal/Posto (R$)
A53: A | B53: INSS (art. 22, inc. I, Lei nº 8.212/91) | H53: ='Módulo 2 - Encargos'!F4 -> 0.2 | I53: =ROUND(($I$49-$I$47)*H53,2) -> 0 | J53: AS CÉLULAS AZUIS DEVERÃO TER SEUS VALORES PREECHIDOS NAS OUTRAS ABAS DO ARQUIVO
A54: B | B54: SESI ou SESC (art. 30, Lei nº 8.036/90) | H54: ='Módulo 2 - Encargos'!F5 -> 0.015 | I54: =ROUND(($I$49-$I$47)*H54,2) -> 0 | J54: AS CÉLULAS AZUIS DEVERÃO TER SEUS VALORES PREECHIDOS NAS OUTRAS ABAS DO ARQUIVO
A55: C | B55: SENAI ou SENAC (art 30 Dec Lei 2.318/86) | H55: ='Módulo 2 - Encargos'!F6 -> 0.01 | I55: =ROUND(($I$49-$I$47)*H55,2) -> 0 | J55: AS CÉLULAS AZUIS DEVERÃO TER SEUS VALORES PREECHIDOS NAS OUTRAS ABAS DO ARQUIVO
A56: D | B56: INCRA (art 1 e 2 Decr Lei 1146/70) | H56: ='Módulo 2 - Encargos'!F7 -> 0.002 | I56: =ROUND(($I$49-$I$47)*H56,2) -> 0 | J56: AS CÉLULAS AZUIS DEVERÃO TER SEUS VALORES PREECHIDOS NAS OUTRAS ABAS DO ARQUIVO
A57: E | B57: SALÁRIO EDUCAÇÃO (art. 15, da Lei nº 9.424/96; do art. 2º do Decr 3.142/99; e art. 212, § 5º da CF) | H57: ='Módulo 2 - Encargos'!F8 -> 0.025 | I57: =ROUND(($I$49-$I$47)*H57,2) -> 0 | J57: AS CÉLULAS AZUIS DEVERÃO TER SEUS VALORES PREECHIDOS NAS OUTRAS ABAS DO ARQUIVO
A58: F | B58: FGTS (art. 15, Lei nº 8.036/90) | H58: ='Módulo 2 - Encargos'!F9 -> 0.08 | I58: =ROUND(($I$49-$I$47)*H58,2) -> 0 | J58: AS CÉLULAS AZUIS DEVERÃO TER SEUS VALORES PREECHIDOS NAS OUTRAS ABAS DO ARQUIVO
A59: G | B59: RAT (Art. 22, inc. II, Lei 8212/91 e art 10 L 10.666/03) | E59: ='Módulo 2 - Encargos'!C10 -> 0.03 | F59: FAP | G59: ='Módulo 2 - Encargos'!E10 -> 1 | H59: =E59*G59 -> 0.03 | I59: =ROUND(($I$49-$I$47)*H59,2) -> 0 | J59: AS CÉLULAS AZUIS DEVERÃO TER SEUS VALORES PREECHIDOS NAS OUTRAS ABAS DO ARQUIVO
A60: H | B60: SEBRAE (§ 3º, art. 8º, Lei nº 8.029/90) | H60: ='Módulo 2 - Encargos'!F11 -> 0.006 | I60: =ROUND(($I$49-$I$47)*H60,2) -> 0 | J60: AS CÉLULAS AZUIS DEVERÃO TER SEUS VALORES PREECHIDOS NAS OUTRAS ABAS DO ARQUIVO
A61: Total do Submódulo 2.1 | H61: =SUM(H53:H60) -> 0.368 | I61: =SUM(I53:I60) -> 0
A63: 2.2 | B63: Submódulo 2.2 - Tempo Não Trabalhado | H63: % | I63: Valor Mensal/Posto (R$)
A64: A | B64: 13º SALÁRIO | H64: ='Módulo 2 - Encargos'!F15 -> 0.0833 | I64: =ROUND(($I$49-$I$47)*H64,2) -> 0 | J64: AS CÉLULAS AZUIS DEVERÃO TER SEUS VALORES PREECHIDOS NAS OUTRAS ABAS DO ARQUIVO
A65: B | B65: FÉRIAS GOZADAS + ADICIONAL DE FÉRIAS | H65: ='Módulo 2 - Encargos'!F16 -> 0.1111 | I65: =ROUND(($I$49-$I$47)*H65,2) -> 0 | J65: AS CÉLULAS AZUIS DEVERÃO TER SEUS VALORES PREECHIDOS NAS OUTRAS ABAS DO ARQUIVO
A66: C | B66: Incidência dos encargos previstos no Submódulo 2.1 sobre 13º salário e Férias | H66: ='Módulo 2 - Encargos'!F17 -> 0.0715392 | I66: =ROUND(($I$49-$I$47)*H66,2) -> 0 | J66: AS CÉLULAS AZUIS DEVERÃO TER SEUS VALORES PREECHIDOS NAS OUTRAS ABAS DO ARQUIVO
A67: Total do Submódulo 2.2 | H67: =SUM(H64:H66) -> 0.2659392 | I67: =SUM(I64:I66) -> 0
A69: 2.3 | B69: Submódulo 2.3 - Provisão para rescisão | H69: % | I69: Valor Mensal/Posto (R$)
A70: A | B70: Aviso prévio indenizado | H70: ='Módulo 2 - Encargos'!F21 -> 0.0045833333 | I70: =ROUND(($I$49-$I$47)*H70,2) -> 0 | J70: AS CÉLULAS AZUIS DEVERÃO TER SEUS VALORES PREECHIDOS NAS OUTRAS ABAS DO ARQUIVO
A71: B | B71: Incidência do FGTS sobre Aviso Prévio indenizado | H71: ='Módulo 2 - Encargos'!F23 -> 0.00036666667 | I71: =ROUND(($I$49-$I$47)*H71,2) -> 0 | J71: AS CÉLULAS AZUIS DEVERÃO TER SEUS VALORES PREECHIDOS NAS OUTRAS ABAS DO ARQUIVO
A72: C | B72: Incidência da Multa s/ FGTS no API | H72: ='Módulo 2 - Encargos'!F24 -> 0.00014666667 | I72: =ROUND(($I$49-$I$47)*H72,2) -> 0 | J72: AS CÉLULAS AZUIS DEVERÃO TER SEUS VALORES PREECHIDOS NAS OUTRAS ABAS DO ARQUIVO
A73: D | B73: Aviso prévio trabalhado | H73: ='Módulo 2 - Encargos'!F25 -> 0.019833333 | I73: =ROUND(($I$49-$I$47)*H73,2) -> 0 | J73: AS CÉLULAS AZUIS DEVERÃO TER SEUS VALORES PREECHIDOS NAS OUTRAS ABAS DO ARQUIVO
A74: E | B74: Incidência dos encargos do submódulo 2.1 sobre item D | H74: ='Módulo 2 - Encargos'!F27 -> 0.0072986667 | I74: =ROUND(($I$49-$I$47)*H74,2) -> 0 | J74: AS CÉLULAS AZUIS DEVERÃO TER SEUS VALORES PREECHIDOS NAS OUTRAS ABAS DO ARQUIVO
A75: F | B75: Multa sobre FGTS incidente | H75: ='Módulo 2 - Encargos'!F28 -> 0.04 | I75: =ROUND(($I$49-$I$47)*H75,2) -> 0 | J75: AS CÉLULAS AZUIS DEVERÃO TER SEUS VALORES PREECHIDOS NAS OUTRAS ABAS DO ARQUIVO
A76: Total do Submódulo 2.3 | H76: =SUM(H70:H75) -> 0.072228667 | I76: =SUM(I70:I75) -> 0
A78: 2.4 | B78: Submódulo 2.4 - Custo de Reposição do Profissional Ausente | H78: % | I78: Valor Mensal/Posto (R$)
A79: A | B79: Substituto na cobertura de Férias | H79: ='Módulo 2 - Encargos'!F36 -> 0.0162 | I79: =ROUND(($I$49-$I$47)*H79,2) -> 0 | J79: AS CÉLULAS AZUIS DEVERÃO TER SEUS VALORES PREECHIDOS NAS OUTRAS ABAS DO ARQUIVO
A80: B | B80: Substituto na cobertura das ausência por doença | H80: ='Módulo 2 - Encargos'!F37 -> 0.013888889 | I80: =($I$49-$I$47+$I$64+$I$65)*H80 -> 0 | J80: AS CÉLULAS AZUIS DEVERÃO TER SEUS VALORES PREECHIDOS NAS OUTRAS ABAS DO ARQUIVO
A81: C | B81: Substituto na cobertura de Licença paternidade | H81: ='Módulo 2 - Encargos'!F39 -> 0.00020833333 | I81: =ROUND(($I$49-$I$47+$I$64+$I$65)*H81,2) -> 0 | J81: AS CÉLULAS AZUIS DEVERÃO TER SEUS VALORES PREECHIDOS NAS OUTRAS ABAS DO ARQUIVO
A82: D | B82: Substituto na cobertura das ausências legais | H82: ='Módulo 2 - Encargos'!F41 -> 0.0082222222 | I82: =ROUND(($I$49-$I$47+$I$64+$I$65)*H82,2) -> 0 | J82: AS CÉLULAS AZUIS DEVERÃO TER SEUS VALORES PREECHIDOS NAS OUTRAS ABAS DO ARQUIVO
A83: E | B83: Substituto na cobertura nas ausência por acidente de trabalho | H83: ='Módulo 2 - Encargos'!F43 -> 0.000325 | I83: =ROUND(($I$49-$I$47+$I$64+$I$65)*H83,2) -> 0 | J83: AS CÉLULAS AZUIS DEVERÃO TER SEUS VALORES PREECHIDOS NAS OUTRAS ABAS DO ARQUIVO
A84: F | B84: Substituto na cobertura de Afastamento Maternidade | H84: ='Módulo 2 - Encargos'!F45 -> 0.0007 | I84: =($I$49-$I$47)*H84 -> 0 | J84: AS CÉLULAS AZUIS DEVERÃO TER SEUS VALORES PREECHIDOS NAS OUTRAS ABAS DO ARQUIVO
B85: Subtotal | I85: =ROUND(SUM(I79:I84),2) -> 0
A86: G | B86: Incidência dos encargos do submódulo 2.1 sobre o custo de reposição do profissional ausente | I86: =ROUND(I85*H61,2) -> 0
A87: H | B87: Inclusão custo Submódulo 2.3 (Provisão para Rescisão) para substitutos | G87: Nº dias afastamento | H87: 38.96 | I87: =ROUND(((I76/30)*H87)/12,2) -> 0 | J87: PREENCHER SOMENTE AS CÉLUAS EM DESTAQUE AMARELO
A88: Total do Submódulo 2.4 | I88: =SUM(I85:I87) -> 0
A90: TOTAL DO MÓDULO 2 - ENCARGOS SOCIAIS | I90: =I88+I76+I67+I61 -> 0
A92: MÓDULO 3 - BENEFÍCIOS MENSAIS E DIÁRIOS
A93: 3 | B93: Benefícios Mensais e Diários | I93: Valor Mensal/Posto (R$)
A94: A | B94: Auxílio Alimentação | I94: =I105*F14 -> 0
A95: B | B95: Vale-Transporte | I95: =I101 -> 0
A96: C | B96: Outros | I96: =I35 -> 0
A97: TOTAL DO MÓDULO 3 - BENEFÍCIOS MENSAIS E DIÁRIOS | I97: =SUM(I94:I96) -> 0
A99: Memória de Cálculo de Vale Transporte
A100: Valor Unitário | C100: Dias de Trabalho | D100: Vale p/dia | E100: Custo total | F100: Base de cálculo | G100: Percentual de desconto | H100: Valor desconto | I100: Custo efetivo
A101: =I29 -> 0 | C101: =I30 -> 0 | D101: 2 | E101: =A101*C101*D101*F14 -> 0 | F101: =I44 -> 0 | G101: =I31 -> 0 | H101: =F101*G101 -> 0 | I101: =IF((E101-H101)>0,E101-H101,0) -> 0
A103: Memória de Cálculo do Vale Alimentação
A104: Valor Unitário | C104: Dias por mês | D104: Vale p/dia | E104: Custo total | F104: Base de cálculo | G104: Percentual de desconto | H104: =H100 -> Valor desconto | I104: Custo efetivo
A105: =I32 -> 0 | C105: =I33 -> 15 | D105: 1 | E105: =A105*C105*D105*F14 -> 0 | F105: =E105 -> 0 | G105: =I34 -> 0 | H105: =F105*G105 -> 0 | I105: =ROUND(E105-H105,2) -> 0
A107: MÓDULO 4 - INSUMOS DIVERSOS
A108: 4 | B108: INSUMOS DIVERSOS | I108: Valor Mensal/Posto (R$)
A109: A | B109: Transporte (1) | I109: ='Módulo 4-A - Transporte'!C4 -> 0 | J109: AS CÉLULAS AZUIS DEVERÃO TER SEUS VALORES PREECHIDOS NAS OUTRAS ABAS DO ARQUIVO
A110: B | B110: Uniformes | I110: ='Módulo 4-B - Uniformes'!D22 -> 0 | J110: AS CÉLULAS AZUIS DEVERÃO TER SEUS VALORES PREECHIDOS NAS OUTRAS ABAS DO ARQUIVO
A111: C | B111: Outros | I111: 0 | J111: PREENCHER SOMENTE AS CÉLUAS EM DESTAQUE AMARELO
A112: TOTAL DO MÓDULO 4 - INSUMOS DIVERSOS | I112: =SUM(I109:I111) -> 0
B113: (1) Somente será preenchido quando o licitante fornecer transporte próprio
A115: MÓDULO 5 - CUSTOS INDIRETOS, TRIBUTOS E LUCRO
A116: 5 | B116: CUSTOS INDIRETOS, TRIBUTOS E LUCRO | H116: % | I116: Valor Mensal/Posto (R$)
...

Sheet Módulo 2 - Encargos
A1: MÓDULO 2 - ENCARGOS SOCIAIS E TRABALHISTAS
A3: 2.1 | B3: Submódulo 2.1 - Encargos Previdenciários (GPS) e FGTS | F3: % | H3: Memória Cálculo | I3: Fundamento Legal
A4: A | B4: INSS ( art 22, inc I Lei 8.212/91) | F4: 0.2 | I4: Lei 8212/91, art. 22, I
A5: B | B5: SESI OU SESC (art 30 Lei 8.036/90) | F5: 0.015 | I5: IN RFB nº 971/2009 - Anexos I e II
A6: C | B6: SENAI OU SENAC (art 30 Dec Lei 2.318/86) | F6: 0.01 | I6: IN RFB nº 971/2009 - Anexos I e II
A7: D | B7: INCRA (art 1 e 2 Decr Lei 1146/70) | F7: 0.002 | I7: IN RFB nº 971/2009 - Anexos I e II
A8: E | B8: Salário educação (art. 15, da Lei nº 9.424/96; do art. 2º do Decr 3.142/99; e art. 212, § 5º da CF) | F8: 0.025 | I8: IN RFB nº 971/2009 - Anexos I e II
A9: F | B9: FGTS (art 15 Lei nº 8.030/90) | F9: 0.08 | I9: Lei 8036/90, art. 15
A10: G | B10: RAT (Art. 22, inc. II, Lei 8212/91 e art 10 L 10.666/03) | C10: 0.03 | D10: FAP | E10: 1 | F10: =C10*E10 -> 0.03 | I10: IN RFB nº 971/2009 - Anexos I e II Decreto 3048/99 Anexo V Lei 8212/91, art. 22, II Decreto 3048/99
A11: H | B11: SEBRAE ( lei 8029/90) | F11: 0.006 | I11: IN RFB nº 971/2009 - Anexos I e II
B12: Total | F12: =SUM(F4:F11) -> 0.368
A14: 2.2 | B14: Submódulo 2.2 - Tempo Não Trabalhado | F14: % | H14: Memória Cálculo | I14: Fundamento Legal
A15: A | B15: 13º ( décimo terceiro salário) | F15: 0.0833 | H15: [(1/12) x 100] | I15: CF, Art. 7º, VIII
A16: B | B16: Férias e Adicional de Férias | F16: 0.1111 | H16: (1/12) + (1/3)/12 | I16: CF, Art. 7º, VIII
A17: C | B17: Incidência dos encargos previstos no Submódulo 2.2 sobre 13º salário e Férias | F17: =(F15+F16)*F12 -> 0.0715392
B18: Total | F18: =F15+F17+F16 -> 0.2659392
A20: 2.3 | B20: Submódulo 2. 3 - Provisão para rescisão | F20: % | H20: Memória Cálculo | I20: Fundamento Legal
A21: A | B21: Aviso prévio indenizado1 | D21: Nº de dias | E21: 33 | F21: =E21/30/12*E22 -> 0.0045833333 | H21: (33/30)/12)*0,05 | I21: CF, Art. 7º, XXI e CLT art. 487 e 491. Lei 12506/2011
D22: Percentual de ocorrência anual | E22: 0.05
A23: B | B23: Incidência do FGTS sobre Aviso Prévio indenizado | F23: =(F9*F21) -> 0.00036666667 | I23: Lei 8036/90, 9491/97 LC 110/01
A24: C | B24: Incidência da Multa s/ FGTS no API 2 | F24: =F23*40% -> 0.00014666667
A25: D | B25: Aviso prévio trabalhado 3 | E25: Nº de dias | F25: =((($E26/30)/12)*$D26)+(($E$26/30)/12) -> 0.019833333 | H25: ((7/30)/12)*0,02)+((7/30)/12) | I25: CF, Art. 7º, XXI
B26: Percentual de ocorrência anual | D26: 0.02 | E26: 7
A27: E | B27: Incidência dos encargos do submódulo 2.1 sobre item D | F27: =F25*F12 -> 0.0072986667 | I27: Lei 8036/90, 9491/97 LC 110/01
A28: F | B28: Multa sobre FGTS incidente 4 | F28: 0.04 | H28: [(40% + 10%) x 8% x 100%]
B29: Total | F29: =SUM(F21:F28) -> 0.072228667
A30: 1. Estimativa que 5% dos empregados serão substituídos durante um ano. Utilizado 33 dias de aviso prévio.
A31: 2. Estimativa que 5% dos empregados serão substituídos durante um ano. 40% multa FGTS
A32: 3. 7 dias corridos falta ao trabalho - havendo necessidade de um substituto e 12 meses de contrato.
A33: 4. 100% dos empregados serão demitidos no final do contrato
A35: 2.4 | B35: Submódulo 2.4 - Custo de Reposição do Profissional Ausente | F35: % | H35: Memória Cálculo | I35: Fundamento Legal
A36: A | B36: Substituto na cobertura de Férias | F36: 0.0162
A37: B | B37: Substituto na cobertura das ausência por doença 1 | E37: 0.015 | F37: =$E38/30/12 -> 0.013888889 | H37: [(1/30) x 5 dias]/12 | I37: Lei 8213/941, Art. 59 a 64
B38: Dias de ocorrência por ano | E38: 5
A39: C | B39: Substituto na cobertura de Licença paternidade 2 | E39: 5 | F39: =(($E39/30)/12)*$E40 -> 0.00020833333 | H39: [(1/30) x 5 dias]/12 x 1,5% | I39: CF, art. 7º, XIX
B40: Percentual de ocorrência anual | E40: 0.015
A41: D | B41: Substituto na cobertura das ausências legais 3 | F41: =$E42/30/12 -> 0.0082222222 | H41: [(1/30) x 2,96 dias]/12 | I41: CLT, art. 473
B42: Dias de ocorrência por ano | E42: 2.96
A43: E | B43: Substituto na cobertura nas ausência por acidente de trabalho 4 | F43: =(($E44/30)/12)*$C44 -> 0.000325 | H43: [(1/30) x 15 dias]/12 x 0,78% | I43: Lei 8.213/91 , art. 19 a 23
B44: Percentual de ocorrência anual | C44: 0.0078 | D44: dias afastamento | E44: 15
A45: F | B45: Substituto na cobertura de Afastamento Maternidade 5 | F45: 0.0007 | H45: [(1+1/3) x 4/12]/12 x 0,02 | I45: CF, art. 7º, XVIII
A46: G | B46: Incidência dos encargos do submódulo 2.2 sobre o custo de reposição do profissional ausente | F46: =(F36+F37+F39+F41+F43+F45)*F12 -> 0.014552356
A47: 1. Estimativa de 5 dias de ausência por ano
A48: 2. Estatística: 1,5% dos empregados tornam-se pais no ano
A49: 3. Estatística: 2,96 dias de ausências legais por ano (falecimento, casamento, doação sangue, serviço eleitoral, ...)
A50: 4. Estatística: 0,78% sofrem acidentes durante o ano com afastamento igual ou superior a 15 dias
A51: 5. Estimativa de 2% dos empregados que se ausentam por afastamento maternidade

Sheet Módulo 4-A - Transporte
A1: TRANSPORTE ATÉ O PRÉDIO DA USINA VELHA1
A3: R$ MÉDIO POR VIAGEM | B3: Nº VIAGENS POR MÊS PARA O POSTO | C3: TOTAL MENSAL PARA O POSTO
A4: 0 | B4: 0 | C4: =ROUND(A4*B4,2) -> 0
A6: 1 - Como o local de prestação dos serviços não é coberto pelos serviços de transporte coletivo urbano, realizou-se a estimativa de transporte via carro de aluguel/aplicativo/taxi.

Sheet Módulo 4-B - Uniformes
A1: UNIFORMES
A3: NÚMERO DE FUNCIONÁRIOS POSTO DIURNO | D3: 2
A4: NÚMERO DE FUNCIONÁRIOS POSTO NOTURNO | D4: 2
A6: UNIFORME | B6: QUANT. POR POSTO | C6: R$ MÉDIO | D6: VALOR MENSAL POR POSTO
A7: Boné | B7: 2 | C7: 0 | D7: =C7*B7/12 -> 0
A8: Calça | B8: 4 | C8: 0 | D8: =C8*B8/12 -> 0
A9: Camisa manga curta | B9: 4 | C9: 0 | D9: =C9*B9/12 -> 0
A10: Camisa manga longa | B10: 4 | C10: 0 | D10: =C10*B10/12 -> 0
A11: Capa de chuva | B11: 2 | C11: 0 | D11: =C11*B11/12 -> 0
A12: Casaco ou Jaqueta | B12: 2 | C12: 0 | D12: =C12*B12/12 -> 0
A13: Crachá de identificação | B13: 2 | C13: 0 | D13: =C13*B13/12 -> 0
A14: Sapato, botina ou coturno | B14: 4 | C14: 0 | D14: =C14*B14/12 -> 0
A15: TOTAL COM UNIFORMES POR POSTO | D15: =SUM(D7:D14) -> 0
A17: MATERIAIS DE USO COLETIVO | B17: QUANTITATIVO POR POSTO | C17: MÉDIA | D17: VALOR MENSAL POR POSTO
A18: Livro de registro | B18: 1 | C18: 0 | D18: =B18*C18/12 -> 0
A19: Telefone celular | B19: 1 | C19: 0 | D19: =B19*C19/12 -> 0
A20: TOTAL MENSAL POR POSTO | D20: =SUM(D18:D19) -> 0
A22: VALOR COM UNIFORMES E MATERIAIS POR POSTO DE PORTARIA | D22: =ROUND(D15+(D20/2),2) -> 0
A23: OBS: OS Materiais são os mesmos para a portaria diurna e noturna (1 posto)

Sheet Módulo 5-CDE - Tributos
A1: TRIBUTOS
A3: TRIBUTOS DEVIDOS | B3: Lucro Real
A4: PIS | B4: 0.0065
A5: COFINS | B5: 0.03
A6: ISS | B6: 0.02 | C6: Lei Municipal 6.742/2018 - Tabela VI, II, C com Tabela XIII, 11, 11.02
A7: TOTAL | B7: =SUM(B4:B6) -> 0.0565

Sheet RESUMO
A1: RESUMO DOS SERVIÇOS DE PORTARIA NA USINA VELHA DE IJUI
A2: PLANILHAS DE CUSTOS E DE FORMAÇÃO DE PREÇOS
A4: ='CARGO DIURNO'!A8 -> Empresa proponente:
A5: ='CARGO DIURNO'!A9 -> Licitação nº: PREGÃO ELETRÔNICO 02/2024 - REPUBLICAÇÃO | F5: ='CARGO DIURNO'!F9:I9 -> Dia ____/______/_______ às _____:______horas
A6: Objeto da Licitação: | B6: Serviços de portaria para a Estação de Transbordo de Ijuí
A8: Serviço | B8: Horas Mês | C8: Postos | D8: Efetivo | E8: Módulo 1: Composição da Remuneração | F8: Módulo 2: Encargos Sociais e Trabalhistas | G8: Módulo 3: Benefícios Mensais e Diários | H8: Módulo 4: Insumos Diversos | I8: Módulo 5: Custos indiretos, tributos e lucro | J8: Valor Mensal por posto (unidade)
A9: Portaria Diurna 12x36 | B9: 220 | C9: 1 | D9: 2 | E9: ='CARGO DIURNO'!I124 -> 0 | F9: ='CARGO DIURNO'!I125 -> 0 | G9: ='CARGO DIURNO'!I126 -> 0 | H9: ='CARGO DIURNO'!I127 -> 0 | I9: ='CARGO DIURNO'!I129 -> 0 | J9: =SUM(E9:I9) -> 0
A10: Portaria Noturna 12x36 | B10: 220 | D10: 2 | E10: ='CARGO NOTURNO'!I131 -> 0 | F10: ='CARGO NOTURNO'!I132 -> 0 | G10: ='CARGO NOTURNO'!I133 -> 0 | H10: ='CARGO NOTURNO'!I134 -> 0 | I10: ='CARGO NOTURNO'!I136 -> 0 | J10: =SUM(E10:I10) -> 0
A11: TOTAL | C11: 1 | D11: =SUM(D9:D10) -> 4 | E11: =SUM(E9:E10) -> 0 | F11: =SUM(F9:F10) -> 0 | G11: =SUM(G9:G10) -> 0 | H11: =SUM(H9:H10) -> 0 | I11: =SUM(I9:I10) -> 0 | J11: =SUM(J9:J10) -> 0
A14: QUADRO RESUMO DO CONTRATO
A15: Serviço | G15: Valor Mensal por Unidade de Serviço | H15: Quantidade de Unidade de Serviços | I15: Valor mensal do serviço | J15: Valor anual do serviço
A16: PORTARIA DIURNA 12 x 36 | G16: =ROUND(J9,2) -> 0 | H16: 1 | I16: =H16*G16 -> 0 | J16: =I16*12 -> 0
A17: PORTARIA NOTURNA 12 x 36 | G17: =ROUND(J10,2) -> 0 | H17: 1 | I17: =H17*G17 -> 0 | J17: =I17*12 -> 0
A18: Valor do Contrato | I18: =I17+I16 -> 0 | J18: =J17+J16 -> 0
